 Dungeon Crawl Stone Soup version 0.31-a0-1074-g0b22e4e0f1 (webtiles) character file.

Game seed: 14936385459390280795

259 Jeffwins the Conjurer (level 5, -8/38 HPs)
             Began as an Armataur Conjurer on Nov 27, 2023.
             Mangled by a sleepcap (20 damage)
             ... on level 3 of the Dungeon.
             The game lasted 00:03:42 (2968 turns).

Jeffwins the Conjurer (Armataur Conjurer)           Turns: 2968, Time: 00:03:42

Health: -8/38      AC:  5    Str: 15 (19) XL:     5   Next: 95%
Magic:  4/10       EV:  1    Int: 22 (26) God:
Gold:   136        SH:  0    Dex:  4 (8)  Spells: 8/11 levels left

rFire   . . .        h - staff of cold
rCold   + + .        (no shield)
rNeg    . . .        o - +0 robe {rC+}
rPois   .            n - +0 helmet
rElec   .            (no cloak)
rCorr   .            (no gloves)
SInv    .            (no barding)
Will    +....        m - amulet of reflection
Stlth   +            S - +6 ring of strength
HPRegen 0.26/turn    I - +6 ring of intelligence
MPRegen 0.12/turn

%: reflection, roll
@: sleeping, enlightened, flying
A: large, deformed body, tough skin 3, armoured tail, roll 1, long tongue
a: no special abilities


You were on level 3 of the Dungeon.
You visited 1 branch of the dungeon, and saw 3 of its levels.

You collected 136 gold pieces.


Innate Abilities, Weirdness & Mutations

Armour fits poorly on your strangely shaped body.
You have extremely tough skin. (AC +3)
You have a long armoured tail.
You roll when moving toward enemies. (Rampage)
Your long tongue fully drains potion bottles. (2x potion effects)


   Skills:
 - Level 1.3 Dodging
 - Level 2.1 Stealth
 + Level 1.7 Shields
 * Level 3.7 Spellcasting
 * Level 5.1 Conjurations


You had 8 spell levels left.
You knew the following spells:

 Your Spells              Type           Power      Damage    Failure   Level
x - Searing Ray           Conj           52%        2d6       1%          2
z - Magic Dart            Conj           100%       1d8       1%          1

Your spell library contained the following spells:

 Spells                   Type           Power      Damage    Failure   Level
 Kiss of Death            Conj/Necr      60%        2d10      4%          1
 Dazzling Flash           Conj/Hex       30%        N/A       12%         3
 Confusing Touch          Hex            4%         N/A       34%         3
 Fulminant Prism          Conj/Hex       7%         3d7       36%         4
 Iskenderun's Mystic Bla  Conj/Tloc      15%        2d5       36%         4
 Dispel Undead            Necr           4%         3d7       75%         4
 Summon Forest            Summ/Tloc      2%         N/A       97%         5
 Summon Mana Viper        Hex/Summ       4%         N/A       97%         5
 Summon Cactus Giant      Summ           2%         N/A       100%        6

Inventory:

Missiles
 e - 5 poisoned darts
Armour
 j - a +0 buckler
 n - a +0 helmet (worn)
 o - a +0 robe of cold resistance (worn)
Magical Staves
 h - a staff of cold (weapon)
Jewellery
 m - an amulet of reflection (around neck)
 I - a +6 ring of intelligence (right hand)
 S - a +6 ring of strength (left hand)
Scrolls
 c - a scroll of vulnerability {unknown}
 d - a scroll of brand weapon {unknown}
 f - a scroll of butterflies {unknown}
 i - a scroll of noise {unknown}
 k - 2 scrolls of teleportation {unknown}
 l - a scroll of identify {unknown}
 p - a scroll of poison {unknown}
Potions
 b - a potion of magic

Dungeon Overview and Level Annotations

Branches:
Dungeon (3/15)

Altars:
Nemelex Xobeh

..# #.# . .. ... ....
##..... #########.......
##
#.......@.........#######
.#
#.#######f...............
.## #.# .###.##.........
..#######.# .# #.........
..........# .# #.........
###..###### .# #.........
####.#### .# #.........
........# .#
#.##......... ........#
#.# ###......


You could see a sleepcap.


Message History

You slurp down every last drop of the potion of enlightenment!
The sleepcap barely misses you.
Unknown command.
Press: ? - help, v - describe, . - travel
Here: a sleepcap (lightly damaged)
The floor.
You aren't carrying any items that you can evoke.
Unknown command.
Casting: Searing Ray (safe; 1% risk of failure)
Confirm with . or Enter, or press ? or * to list all spells.
You don't know that spell.
Casting: Searing Ray (safe; 1% risk of failure)
Confirm with . or Enter, or press ? or * to list all spells.
Aiming: Searing Ray (safe; 1% risk of failure)
Press: ? - help, Shift-Dir - straight line, f/p - sleepcap
Aim: a sleepcap (lightly damaged, 100% to hit)
The searing ray hits the sleepcap.
The sleepcap is moderately damaged. (Press . to maintain the ray.)
The sleepcap releases spores at you.
* * * LOW HITPOINT WARNING * * *
The searing ray hits the sleepcap.
The sleepcap is heavily damaged.
The sleepcap releases spores at you.
* * * LOW HITPOINT WARNING * * *
You are engulfed in a cloud of soporific spores!
You fall asleep.
The sleepcap releases spores at you!!
Ouch! That really hurt!
You die...

Skill      XL: |  1  2  3  4 |
---------------+-------------+-----
Spellcasting   | 2 3 |  3.7
Conjurations   | 4 5 |  5.1
Shields        | 1 |  1.7
Dodging        | |  1.3
Stealth        | |  2.1

Action                     |  1- 3 |  4- 6 || total
---------------------------+-------+-------++-------
  Melee: Unarmed           |    50 |       ||    50
         Tailslap          |     3 |       ||     3
         Punch             |     1 |       ||     1
         Staff             |       |    18 ||    18
   Cast: Magic Dart        |    67 |    41 ||   108
         Searing Ray       |     1 |     3 ||     4
    Use: Potion            |       |     2 ||     2
 Armour: Robe              |    45 |    27 ||    72
  Dodge: Dodged            |    33 |    22 ||    55
  Block: Other             |       |     1 ||     1

Levels and vault maps discovered:
D:1:      spicycebolla_arrival_ecumenical, layout_rooms,
          minmay_misc_feat_more_columns
D:2:      layout_basic, serial_corexii_hall, corexii_hall_statues_l,
          corexii_hall_statues_x, corexii_hall_statues_s,
          chequers_hall_statues_y, minmay_unequal
D:3:      layout_basic, mainiacjoe_overflow_alcove_4, uniq_grinder, uniq_sigmund

Notes
Turn   | Place    | Note
-------+----------+-------------------------------------------
     0 | D:1      | Jeffwins the Armataur Conjurer began the quest for the Orb.
     0 | D:1      | Reached XP level 1. HP: 14/14 MP: 3/3
   133 | D:1      | Reached skill level 2 in Spellcasting
   239 | D:1      | Reached XP level 2. HP: 20/20 MP: 1/5
   562 | D:1      | Reached skill level 4 in Conjurations
   598 | D:1      | Learned a level 2 spell: Searing Ray
   817 | D:1      | Reached XP level 3. HP: 26/26 MP: 6/6
  1645 | D:2      | Reached XP level 4. HP: 33/33 MP: 4/8
  2365 | D:3      | Noticed Sigmund
  2372 | D:3      | Killed Sigmund
  2373 | D:3      | Reached skill level 1 in Shields
  2373 | D:3      | Reached skill level 3 in Spellcasting
  2373 | D:3      | Reached skill level 5 in Conjurations
  2373 | D:3      | Reached XP level 5. HP: 27/38 MP: 0/10
  2634 | D:3      | Found a sparkling altar of Nemelex Xobeh.
  2968 | D:3      | Mangled by a sleepcap

Vanquished Creatures
  Sigmund (D:3)
  3 adders
  A worm (D:2)
  A dart slug (D:1)
  4 orcs (D:3)
  2 endoplasms
  4 giant cockroaches
  5 goblins
  5 hobgoblins
  9 jackals
  4 kobolds (D:2)
  3 quokkas
  5 ball pythons
  5 bats
  7 frilled lizards
  4 rats
63 creatures vanquished.

Table legend: (Time is in decaauts)
 A = Elapsed time spent in this place.
 B = Non-inter-level travel time spent in this place.
 C = Inter-level travel time spent in this place.
 D = Time resting spent in this place.
 E = Time spent auto-exploring this place.
 F = Levels seen in this place.
 G = Mean time per level.
                   A        B        C        D        E       F      G
               +--------+--------+--------+--------+--------+-----+--------+
         Total |   2969 |   2855 |    114 |      8 |   2470 |   3 |  989.7 |
       Dungeon |   2969 |   2855 |    114 |      8 |   2470 |   3 |  989.7 |
               +--------+--------+--------+--------+--------+-----+--------+

Top non-repeatable levels by time:
     D:2: 1303 daAuts
     D:1: 1013 daAuts
     D:3: 652 daAuts

Table legend:
 A = Non-vault XP
 B = Vault XP
 C = Vault XP percentage of total XP
 D = Non-vault monster count
 E = Vault monster count
 F = Vault count percentage of total count
                 A         B        C        D         E       F
            +---------+---------+-------+---------+---------+-------
      Total |     142 |     229 |  61.7 |      59 |       4 |   6.3
            +---------+---------+-------+---------+---------+-------
        D:1 |      45 |       0 |   0.0 |      27 |       0 |   0.0
        D:2 |      64 |       6 |   8.6 |      21 |       3 |  12.5
        D:3 |      33 |     223 |  87.1 |      11 |       1 |   8.3
            +---------+---------+-------+---------+---------+-------
